 Dungeon Crawl Stone Soup version 0.19.0-20-gbc5f0c6 (webtiles) character file.

203270 Haldmier the Shatterer (level 19, 0/187 HPs)
             Began as an Ogre Hunter on Nov 16, 2016.
             Was a High Priest of Okawaru.
             Shot with a bolt by a naga sharpshooter (13 damage)
             ... on level 4 of the Snake Pit.
             The game lasted 04:25:35 (41613 turns).

Haldmier the Shatterer (Ogre Hunter)               Turns: 41613, Time: 04:25:36

Health: 0/187      AC: 17    Str: 22    XL:     19   Next: 5%
Magic:  24/25      EV: 11    Int: 10    God:    Okawaru [*****.]
Gold:   169        SH:  0    Dex: 16    Spells: 4 memorised, 22 levels left

rFire  . . .     SeeInvis .     b - +5 giant spiked club
rCold  + + .     Gourm    .     r - +0 ice dragon scales
rNeg   . . .     Faith    .     (shield currently unavailable)
rPois  +         Spirit   .     (helmet restricted)
rElec  .         Reflect  .     E - +0 cloak {+Inv}
rCorr  .         Harm     .     (gloves unavailable)
MR     +....                    (boots unavailable)
Stlth  ..........               H - amulet of regeneration
                                V - ring of poison resistance
                                W - ring of protection from fire

@: lethally poisoned (0 -> -3), about to teleport, constricted
A: unfitting armour, low mp 1, tough skin 1
a: Heroism, Finesse, Renounce Religion, Evoke Invisibility


You were on level 4 of the Snake Pit.
You worshipped Okawaru.
Okawaru was extremely pleased with you.
You were hungry.

You visited 5 branches of the dungeon, and saw 28 of its levels.
You also visited: Labyrinth, Sewer and Ice Cave.

You collected 3237 gold pieces.
You spent 3068 gold pieces at shops.

Inventory:

Hand Weapons
 b - a +5 giant spiked club (weapon)
Missiles
 d - 4 throwing nets
 o - 4 tomahawks of dispersal
 q - 4 silver javelins
 Q - 28 large rocks (quivered)
Armour
 r - +0 ice dragon scales (worn)
 z - a +2 robe of fire resistance
 E - a +0 cloak of invisibility (worn)
Jewellery
 m - an uncursed ring of positive energy
 H - an amulet of regeneration (around neck)
 L - an uncursed ring of protection from magic
 M - an uncursed ring of protection from magic
 N - an uncursed ring of see invisible
 V - a ring of poison resistance (right hand)
 W - a ring of protection from fire (left hand)
Wands
 w - a wand of heal wounds (5/9)
 U - a wand of digging (7/24)
 X - a wand of teleportation (7/9)
Scrolls
 a - a scroll of holy word
 h - 10 scrolls of remove curse
 i - 2 scrolls of fog
 l - 3 scrolls of teleportation
 s - 2 scrolls of amnesia
 v - a scroll of magic mapping
 B - 2 scrolls of summoning
 F - a scroll of recharging
 O - 5 scrolls of fear
 R - 3 scrolls of blinking
Potions
 e - 5 potions of curing
 j - 3 potions of haste
 t - a potion of magic
 A - 3 potions of berserk rage
 D - 2 potions of brilliance
 G - 5 potions of heal wounds
 J - 2 potions of agility
 P - a potion of might
 S - a potion of flight
 Z - 2 potions of invisibility
Books
 y - a book of Summonings

   Spells                             Type                      Level
   a - Recall                         Summoning/Translocation      3
   b - Aura of Abjuration             Summoning                    5
   c - Summon Demon                   Summoning                    5
   d - Summon Forest                  Summoning/Translocation      5
   e - Summon Mana Viper              Hexes/Summoning              5
   f - Shadow Creatures               Summoning                    6
 C - a book of Power

   Spells                             Type                      Level
   a - Fulminant Prism                Conjuration/Hexes            4
   b - Iskenderun's Mystic Blast      Conjuration                  4
   c - Venom Bolt                     Conjuration/Poison           5
   d - Bolt of Magma                  Conjuration/Fire/Earth       5
   e - Iron Shot                      Conjuration/Earth            6
   f - Orb of Destruction             Conjuration                  7
   g - Spellforged Servitor           Conjuration/Summoning        7
Miscellaneous
 x - a phial of floods
 I - a box of beasts
 K - a sack of spiders
Comestibles
 f - 15 bread rations
 k - 9 royal jellies
 p - 12 beef jerkies
 u - 15 meat rations
 T - 5 fruits


   Skills:
 + Level 11.4 Fighting
 - Level 24.1 Maces & Flails
 + Level 6.7 Throwing
 - Level 14.2 Armour
 + Level 10.2 Dodging
 - Level 0.6 Stealth
 + Level 6.4 Spellcasting
 - Level 4.0 Charms
 + Level 5.4 Translocations
 - Level 7.0 Invocations
 - Level 5.5 Evocations


You had 22 spell levels left.
You knew the following spells:

 Your Spells              Type           Power        Failure   Level  Hunger
a - Shroud of Golubria    Chrm/Tloc      ##........   12%         2    ##.....
b - Blink                 Tloc           N/A          10%         2    ##.....
c - Apportation           Tloc           ##........   6%          1    None
d - Portal Projectile     Tloc           ##....       17%         3    ###....


Dungeon Overview and Level Annotations

Branches:
Dungeon (15/15)            Temple (1/1) D:5            Lair (6/6) D:9
 Shoals (0/4) Lair:4        Snake (4/4) Lair:3        Slime (0/5) Lair:5
    Orc (2/2) D:12            Elf (0/3) Orc:2        Vaults (0/5) D:14
 Depths (0/5) D:15

Altars:
Ashenzari
Cheibriados
Dithmenos
Elyvilon
Fedhas
Gozag
Hepliaklqana
Kikubaaqudgha
Makhleb
Nemelex Xobeh
Okawaru
Qazlal
Ru
Sif Muna
Trog
Uskayaw
Vehumet
Xom
Yredelemnul
Zin
The Shining One
Jiyva

Shops:
Orc:2 }*[?   Snake:4 }(*

Portals:
Pandemonium: Orc:2

Annotations:
D:4 goblinboy's ghost, novice MiBe
D:14 Stuff accross Lava


Innate Abilities, Weirdness & Mutations

You are too large for most types of armour.
You have tough skin. (AC +1)
Your magical capacity is low. (-10% MP)


Message History

An anaconda comes into view.
You see here a bolt.
You feel much better.
You feel sick.
The anaconda hisses angrily.
The naga sharpshooter spits poison at you.
The splash of poison hits you!
You are more poisoned.
You resist.
You feel sick.
A naga mage comes into view. It is wielding a club.
As you read the scroll of teleportation, it crumbles to dust.
You feel strangely unstable.
You feel sick.
The naga mage shouts!
The anaconda grabs you. The anaconda bites you!
* * * LOW HITPOINT WARNING * * *
x2 The anaconda constricts you.
The naga sharpshooter casts a spell.
The naga sharpshooter magically shoots a bolt.
The bolt hits you!
You die...

,,*,,,,,*,,*,,,,** #.........#...
,,,,,,,,,,,##....# ###...#...#...
,,,,,,,,,,*#.....# ##........#...
,,,,⌠,,,,**,N....###....##.......
,,,,,,,,,*,,,.....##....##..#....
,,*,,,,,,,,*,,N...##...####......
,,,,*,,,,,,,,,,...##...# #.##(..
,,,,,,,,*,,,,,,#S.###### #.####.
,,,,,,,,,,,,,,*#@.# #.# #.
,,,,,,,,,,,,,,*#.(# ### #.
*,,,,,,,,,,,,,*#..# #.
,,,,,,,,,,,,,,.N..# #.
,,,,,,,,,,,,*##..## #.
,,,,,,,,,,,,*,...# ##
,,,,,,,,,,,,*#N..#
,,,,,,,,,,,**....#
*,,,,,,,,***.....*


You could see a naga sharpshooter, an anaconda, a naga ritualist and 2 naga
magi.

Vanquished Creatures
  Saint Roka (Snake:3)
  Nikola (Snake:4)
  Rupert (Lair:3)
  Agnes (Snake:1)
  2 nagarajas
  Aizul (Snake:1)
  A frost giant (IceCv)
  Louise (Snake:2)
  A dire elephant (D:14)
  Azrael (Snake:1)
  Snorg (Lair:3)
  A minotaur (Lab)
  2 fire dragons (D:14)
  An ettin (D:14)
  Fannar (Lair:2)
  Harold (Lair:1)
  14 hydras
  12 naga warriors
  4 centaur warriors
  5 anacondas
  4 death yaks
  7 orc high priests (Orc:2)
  7 naga sharpshooters
  6 shock serpents
  3 unseen horrors
  A shadow wraith (D:14)
  2 infernal demonspawn (Orc:2)
  2 torturous demonspawn
  2 wizards (D:14)
  An orange crystal statue (D:12)
  A deep troll (D:14)
  5 naga ritualists
  4 hill giants
  4 orc knights (Orc:2)
  Pikel (D:6)
  7 mana vipers
  5 cyclopes
  6 orc sorcerers
  3 deep elf magi
  3 manticores
  An ugly thing (Lair:1)
  Joseph (D:10)
  5 salamanders
  46 black mambas
  3 elephants (Lair:6)
  14 naga magi
  An ice statue (IceCv)
  A smoke demon (Orc:2)
  2 torpor snails
  A molten gargoyle (D:14)
  5 guardian serpents
  3 gargoyles
  8 spiny frogs
  An orange demon (Orc:2)
  2 kobold demonologists
  3 rime drakes
  5 centaur skeletons
  9 komodo dragons
  An ice devil (Orc:2)
  The ghost of dysrexia the Covert, a novice OpAs (D:5)
  A merfolk (Lair:4)
  7 trolls
  19 polar bears
  A red devil (Orc:2)
  8 blink frogs
  3 hornets (Lair:6)
  18 slime creatures
  2 two-headed ogres
  A harpy skeleton (D:14)
  16 dream sheep
  9 hippogriffs
  3 shadows
  A redback (shapeshifter) (D:14)
  A redback (Lair:6)
  13 spriggans (Lair:6)
  A centaur simulacrum (D:15)
  A ynoxinul (Orc:2)
  2 water elementals (D:12)
  8 wyverns
  3 wraiths
  3 fire elementals (Snake:1)
  3 basilisks
  68 yaks
  7 vampire mosquitoes
  A chaos spawn (Orc:2)
  A steam dragon (Lair:2)
  2 mottled dragons
  A hungry ghost (D:9)
  2 wargs
  45 nagas
  2 soldier ants
  Edmund (D:6)
  A hell hound (Snake:1)
  19 water moccasins
  11 porcupines
  33 orc warriors
  5 black bears
  2 phantoms
  3 slaves
  10 ogres
  3 ice beasts
  3 sky beasts
  An eye of draining (D:15)
  38 wolves
  3 boggarts (Lair:6)
  8 crocodiles
  9 centaurs
  7 big kobolds
  17 bullfrogs
  5 scorpions
  A vampire bat (D:6)
  3 wights (D:11)
  3 electric eels (D:12)
  6 howler monkeys
  2 centaur zombies
  4 crimson imps
  20 orc priests
  6 hounds
  8 jellies
  A gnoll shaman (Orc:2)
  23 orc wizards
  3 bullfrog skeletons
  Jessica (D:2)
  Terence (D:2)
  2 iguanas
  6 worker ants
  4 adders
  8 gnolls
  4 shadow imps
  8 oozes
  A dart slug (D:2)
  3 leopard geckos
  82 orcs
  6 giant cockroaches
  12 goblins
  7 hobgoblins
  7 jackals
  28 kobolds
  7 quokkas
  6 ball pythons
  15 bats
  6 frilled lizards
  A leopard gecko skeleton (D:4)
  8 rats
  A fungus (Lair:2)
  4 plants (Lair:4)
980 creatures vanquished.

Vanquished Creatures (others)
  A naga warrior (Snake:3)
  A centaur warrior (D:15)
  A polar bear (IceCv)
  A yak (IceCv)
  5 wolves (IceCv)
  An orc wizard (Orc:1)
  21 fungi
  12 plants
43 creatures vanquished.

Grand Total: 1023 creatures vanquished

Notes
Turn   | Place    | Note
-------+----------+-------------------------------------------
     0 | D:1      | Haldmier the Ogre Hunter began the quest for the Orb.
     0 | D:1      | Reached XP level 1. HP: 22/22 MP: 1/1
   164 | D:1      | Reached skill level 1 in Maces & Flails
   215 | D:1      | Reached skill level 2 in Maces & Flails
   215 | D:1      | Reached XP level 2. HP: 6/29 MP: 2/2
  1016 | D:1      | Reached skill level 3 in Maces & Flails
  1475 | D:2      | Found a sacrificial altar of Ru.
  1559 | D:2      | Reached XP level 3. HP: 32/36 MP: 3/3
  1919 | D:2      | Noticed Terence
  1949 | D:2      | Killed Terence
  1949 | D:2      | Reached skill level 4 in Maces & Flails
  1953 | D:2      | Reached XP level 4. HP: 22/44 MP: 4/4
  2358 | D:2      | Noticed Jessica
  2360 | D:2      | Killed Jessica
  2360 | D:2      | Reached skill level 5 in Maces & Flails
  2386 | D:2      | Found a glowing golden altar of the Shining One.
  3130 | D:3      | Noticed a sky beast
  3131 | D:3      | Reached XP level 5. HP: 52/52 MP: 5/5
  3149 | D:3      | Killed a sky beast
  3149 | D:3      | Reached skill level 7 in Maces & Flails
  3188 | D:3      | Noticed a phantom
  3218 | D:3      | Killed a phantom
  3218 | D:3      | Reached XP level 6. HP: 33/59 MP: 6/6
  3467 | D:3      | Reached skill level 8 in Maces & Flails
  3631 | D:4      | Noticed a black bear
  3641 | D:4      | Killed a black bear
  3641 | D:4      | Reached skill level 1 in Evocations
  3642 | D:4      | Found a shadowy altar of Dithmenos.
  3658 | D:4      | Found a sparkling altar of Nemelex Xobeh.
  3669 | D:4      | Found a deep blue altar of Sif Muna.
  3716 | D:4      | Found a blossoming altar of Fedhas.
  3741 | D:4      | Noticed goblinboy's ghost (novice MiBe)
  3762 | D:4      | Reached XP level 7. HP: 58/66 MP: 7/7
  3871 | D:4      | Reached skill level 9 in Maces & Flails
  3876 | D:4      | Noticed a hand axe
  3877 | D:4      | Found a hide-covered altar of Uskayaw.
  3878 | D:4      | Noticed a dagger
  4028 | D:4      | Found a glowing drain.
  4044 | Sewer    | Entered a sewer
  4936 | D:5      | Entered Level 5 of the Dungeon
  4995 | D:5      | Noticed dysrexia's ghost (novice OpAs)
  5027 | D:5      | Killed dysrexia's ghost
  5027 | D:5      | Reached skill level 10 in Maces & Flails
  5027 | D:5      | Reached XP level 8. HP: 74/78 MP: 9/9
  5519 | D:5      | Found a staircase to the Ecumenical Temple.
  5547 | Temple   | Entered the Ecumenical Temple
  6073 | D:6      | Noticed Edmund
  6084 | D:6      | Killed Edmund
  6084 | D:6      | Reached skill level 11 in Maces & Flails
  6203 | D:6      | Found a bloodstained altar of Trog.
  6235 | D:6      | Reached skill level 5 in Fighting
  6261 | D:6      | Reached XP level 9. HP: 78/88 MP: 11/11
  6318 | D:6      | Noticed Pikel
  6751 | D:6      | Found a shattered altar of Ashenzari.
  6751 | D:6      | Found an iron altar of Okawaru.
  6755 | D:6      | Became a worshipper of Warmaster Okawaru
  6804 | D:6      | Killed Pikel
  6804 | D:6      | Reached skill level 12 in Maces & Flails
  7298 | D:7      | Reached * piety under Okawaru
  7482 | D:7      | Found a glowing silver altar of Zin.
  7822 | D:7      | Found a shimmering altar of Xom.
  8307 | D:8      | Reached skill level 1 in Invocations
  8470 | D:8      | Reached ** piety under Okawaru
  8470 | D:8      | Reached XP level 10. HP: 96/100 MP: 13/13
  8858 | D:8      | Reached skill level 5 in Dodging
  9100 | D:9      | Reached skill level 13 in Maces & Flails
  9222 | D:9      | Found a burning altar of Makhleb.
  9459 | D:9      | Found a staircase to the Lair.
  9524 | D:9      | Found an opulent altar of Gozag.
  9722 | D:9      | Reached skill level 5 in Throwing
  9731 | D:10     | Entered Level 10 of the Dungeon
  9801 | D:10     | Learned a level 2 spell: Shroud of Golubria
  9804 | D:10     | Learned a level 2 spell: Blink
 10123 | D:10     | Reached skill level 5 in Evocations
 10133 | D:10     | Reached skill level 1 in Spellcasting
 10161 | D:10     | Reached *** piety under Okawaru
 10177 | D:10     | Reached skill level 1 in Translocations
 10533 | D:10     | Noticed Joseph
 10561 | D:10     | Killed Joseph
 10561 | D:10     | Reached **** piety under Okawaru
 10664 | D:10     | Reached XP level 11. HP: 98/111 MP: 12/14
 11254 | Lair:1   | Entered Level 1 of the Lair of Beasts
 11465 | Lair:1   | Noticed Harold
 11495 | Lair:1   | Killed Harold
 11495 | Lair:1   | Received a gift from Okawaru
 11495 | Lair:1   | Reached skill level 14 in Maces & Flails
 11670 | Lair:1   | Received a gift from Okawaru
 12493 | Lair:1   | Noticed a six-headed hydra
 12674 | Lair:1   | Reached skill level 1 in Charms
 12987 | Lair:2   | Noticed a seven-headed hydra
 13039 | Lair:2   | Reached ***** piety under Okawaru
 13039 | Lair:2   | Received a gift from Okawaru
 13047 | Lair:2   | Noticed Fannar
 13225 | Lair:2   | Noticed a seven-headed hydra
 13257 | Lair:2   | Received a gift from Okawaru
 13466 | Lair:2   | Noticed a death yak
 13466 | Lair:2   | Noticed a death yak
 13466 | Lair:2   | Noticed a death yak
 13502 | Lair:3   | Noticed Snorg
 13974 | Lair:3   | Reached XP level 12. HP: 98/123 MP: 13/16
 14220 | Lair:3   | Reached skill level 15 in Maces & Flails
 14631 | Lair:3   | Killed Snorg
 14787 | Lair:3   | Noticed Rupert
 14865 | Lair:3   | Found a staircase to the Snake Pit.
 15068 | Lair:2   | Killed Fannar
 15068 | Lair:2   | Received a gift from Okawaru
 15187 | Lair:2   | Killed a death yak
 15256 | Lair:2   | Received a gift from Okawaru
 15263 | Lair:2   | Killed a death yak
 15263 | Lair:2   | Reached skill level 10 in Fighting
 15268 | Lair:2   | Killed a death yak
 15404 | Lair:2   | Killed a seven-headed hydra
 15487 | Lair:2   | Received a gift from Okawaru
 15490 | Lair:2   | Got a jewelled giant club {god gift}
 15491 | Lair:2   | Identified the +2 giant club of Beyond {chaos, *Drain rN+ MR+} (Okawaru gifted it to you on level 2 of the Lair of Beasts)
 15634 | Lair:1   | Killed a six-headed hydra
 15634 | Lair:1   | Reached skill level 16 in Maces & Flails
 16167 | Lair:2   | Killed a seven-headed hydra
 16203 | Lair:2   | Reached XP level 13. HP: 135/135 MP: 17/17
 16233 | Lair:2   | Received a gift from Okawaru
 16968 | Lair:4   | Reached ****** piety under Okawaru
 16984 | Lair:4   | Found a staircase to the Shoals.
 17209 | Lair:4   | Received a gift from Okawaru
 17438 | Lair:4   | Reached skill level 1 in Armour
 17742 | Lair:4   | Reached skill level 17 in Maces & Flails
 18565 | Lair:5   | Found a viscous altar of Jiyva.
 18565 | Lair:5   | Found a staircase to the Slime Pits.
 18836 | Lair:6   | Entered Level 6 of the Lair of Beasts
 19096 | Lair:6   | Reached skill level 5 in Translocations
 19440 | Lair:6   | Reached skill level 5 in Spellcasting
 19459 | Lair:6   | Received a gift from Okawaru
 19691 | Lair:2   | HP: 6/137 [eight-headed hydra (4)]
 19691 | Lair:2   | HP: 2/137 [eight-headed hydra (4)]
 19873 | Lair:2   | Reached XP level 14. HP: 116/146 MP: 22/22
 20291 | Lair:3   | Received a gift from Okawaru
 20582 | Lair:6   | Received a gift from Okawaru
 20582 | Lair:6   | Reached skill level 18 in Maces & Flails
 20782 | Lair:6   | Reached skill level 5 in Invocations
 20872 | Lair:6   | Received a gift from Okawaru
 21814 | Lair:6   | Received a gift from Okawaru
 22272 | Lair:6   | Received a gift from Okawaru
 22750 | D:11     | Found a stormy altar of Qazlal.
 23624 | D:12     | Found a staircase to the Orcish Mines.
 23663 | D:12     | Reached skill level 19 in Maces & Flails
 24336 | Orc:1    | Entered Level 1 of the Orcish Mines
 24682 | Orc:2    | Entered Level 2 of the Orcish Mines
 25140 | Orc:2    | Found a frozen archway.
 25155 | IceCv    | Entered an ice cave
 25469 | IceCv    | Reached XP level 15. HP: 120/153 MP: 24/24
 25684 | IceCv    | Reached skill level 5 in Armour
 25690 | IceCv    | Reached skill level 10 in Dodging
 25924 | IceCv    | Received a gift from Okawaru
 25935 | IceCv    | Got a faintly humming shield {god gift}
 26096 | IceCv    | Noticed a frost giant
 26123 | IceCv    | Reached skill level 20 in Maces & Flails
 26271 | IceCv    | Killed a frost giant
 26334 | IceCv    | Identified the +5 shield "Juolipla" {rF++} (Okawaru gifted it to you in an ice cave)
 26919 | Orc:2    | Found a staircase to the Elven Halls.
 27270 | Orc:2    | Found Xemiusk's General Store.
 27336 | Orc:2    | Found Echuedwu's Magic Scroll Emporium.
 27608 | Orc:2    | Paralysed by an orc sorcerer for 5 turns
 27804 | Orc:2    | Reached skill level 21 in Maces & Flails
 28059 | Orc:2    | Paralysed by an orc sorcerer for 2 turns
 28071 | Orc:1    | HP: 6/153 [burnt (5)]
 28267 | Orc:2    | Found Rov Zunk's Antique Armour Boutique.
 28267 | Orc:2    | Found Tyirul's Gadget Shop.
 28267 | Orc:2    | Found a one-way gate leading to the halls of Pandemonium.
 28319 | Orc:2    | Bought a scroll of enchant weapon for 105 gold pieces
 28416 | Orc:2    | Bought ice dragon scales for 1860 gold pieces
 28448 | Orc:2    | Bought a wand of heal wounds (2/9) for 540 gold pieces
 28848 | D:13     | Received a gift from Okawaru
 28851 | D:13     | Got a ripped robe {god gift}
 28907 | D:13     | Identified the +1 robe of Luuch {*Contam rElec rC++ Stlth+} (Okawaru gifted it to you on level 13 of the Dungeon)
 28920 | D:13     | Gained mutation: Your magical capacity is low. (-10% MP) [mutagenic glow]
 29184 | D:13     | Reached skill level 22 in Maces & Flails
 29718 | D:14     | Found a labyrinth entrance.
 29728 | Lab      | Entered a labyrinth
 30129 | Lab      | Got a heavily runed platinum ring
 30139 | Lab      | Got a polished great mace
 30141 | Lab      | Identified the cursed +2 great mace "Poaxig" {venom, Str+3} (You found it in a labyrinth)
 30148 | Lab      | Identified the cursed ring "Feum" {MR+ EV-2} (You found it in a labyrinth)
 30279 | D:14     | Reached XP level 16. HP: 145/162 MP: 22/22
 31005 | D:14     | Found a gate to the Vaults.
 31107 | D:14     | Reached skill level 23 in Maces & Flails
 31584 | D:15     | Entered Level 15 of the Dungeon
 31879 | D:15     | Found a sacrificial altar of Ru.
 31989 | D:15     | Received a gift from Okawaru
 32566 | D:15     | Found a staircase to the Depths.
 33159 | Lair:3   | Killed Rupert
 33159 | Lair:3   | Reached skill level 24 in Maces & Flails
 33304 | Lair:1   | Learned a level 1 spell: Apportation
 33308 | Lair:1   | Learned a level 3 spell: Portal Projectile
 33374 | Snake:1  | Entered Level 1 of the Snake Pit
 33499 | Snake:1  | Received a gift from Okawaru
 33623 | Snake:1  | HP: 8/162 [anaconda (14)]
 34038 | Snake:1  | Noticed Azrael
 34051 | Snake:1  | Killed Azrael
 34625 | Snake:1  | Received a gift from Okawaru
 35296 | Snake:1  | Noticed Agnes
 35302 | Snake:1  | Killed Agnes
 35302 | Snake:1  | Received a gift from Okawaru
 35607 | Snake:1  | Noticed Aizul
 35622 | Snake:1  | Killed Aizul
 35622 | Snake:1  | Reached skill level 10 in Armour
 35724 | Snake:1  | Reached XP level 17. HP: 135/170 MP: 23/23
 37016 | Snake:2  | Noticed Louise
 37050 | Snake:2  | Killed Louise
 38563 | Snake:3  | Received a gift from Okawaru
 38762 | Snake:3  | Noticed Saint Roka
 39335 | Snake:2  | Received a gift from Okawaru
 39642 | Snake:3  | Killed Saint Roka
 40658 | Snake:4  | Entered Level 4 of the Snake Pit
 40687 | Snake:4  | Found Leityciw's Assorted Antiques.
 40831 | Snake:3  | Reached XP level 18. HP: 179/179 MP: 24/24
 41104 | Snake:4  | Found Pial's Gadget Shoppe.
 41108 | Snake:4  | Found Lupeq's Weapon Emporium.
 41116 | Snake:4  | Bought a runed giant club for 238 gold pieces
 41282 | Snake:4  | Bought a scroll of enchant weapon for 232 gold pieces
 41283 | Snake:4  | Bought a scroll labeled YFAUSK UTOWU for 31 gold pieces
 41283 | Snake:4  | Bought a scroll of identify for 62 gold pieces
 41539 | Snake:4  | Received a gift from Okawaru
 41541 | Snake:4  | Reached XP level 19. HP: 187/187 MP: 25/25
 41570 | Snake:4  | Noticed Nikola
 41596 | Snake:4  | Killed Nikola
 41610 | Snake:4  | HP: 3/187 [naga sharpshooter/bolt (23)]
 41613 | Snake:4  | Shot with a bolt by a naga sharpshooter

Skill      XL: |  1  2  3  4  5  6  7  8  9 10 11 12 13 14 15 16 17 |
---------------+----------------------------------------------------+-----
Maces & Flails | 2 3 4 5 7 8 10 11 12 13 14 16 17 19 22 24 | 24.1
Evocations     | 1 2 3 4 5 |  5.5
Fighting       | 4 5 6 8 9 10 11 | 11.4
Dodging        | 2 3 4 5 6 7 8 9 10 | 10.2
Invocations    | 1 3 4 7 |  7.0
Throwing       | 5 6 |  6.7
Spellcasting   | 2 3 5 6 |  6.4
Translocations | 1 2 4 5 |  5.4
Charms         | 2 3 4 |  4.0
Armour         | 2 4 5 10 14 | 14.2
Stealth        | |  0.6

Action                   |  1- 3 |  4- 6 |  7- 9 | 10-12 | 13-15 | 16-18 | 19-21 || total
-------------------------+-------+-------+-------+-------+-------+-------+-------++-------
Melee: Short sword       |   103 |       |       |       |       |       |       ||   103
       Whip              |    10 |   108 |   470 |   795 |   558 |       |       ||  1941
       Flail             |       |       |       |     8 |       |       |       ||     8
       Giant spiked club |       |       |       |   124 |  1232 |   948 |    16 ||  2320
Throw: Large rock        |       |     6 |    11 |    40 |    35 |    78 |     5 ||   175
       Javelin           |       |       |       |    22 |       |       |       ||    22
       Throwing net      |       |       |       |     2 |       |       |       ||     2
 Cast: Shroud of Golubri |       |       |       |     2 |     5 |     6 |       ||    13
       Blink             |       |       |       |     1 |       |     3 |       ||     4
       Portal Projectile |       |       |       |       |       |     2 |     1 ||     3
Invok: Heroism           |       |       |       |     2 |     1 |    10 |       ||    13
       Finesse           |       |       |       |       |     1 |     6 |       ||     7
 Abil: Evoke Flight      |       |       |       |       |       |     1 |       ||     1
Evoke: Wand              |       |       |       |     5 |     4 |     2 |     2 ||    13
       Box of beasts     |       |       |       |       |       |     1 |       ||     1
  Use: Scroll            |       |       |    21 |    13 |     8 |    12 |     3 ||    57
       Potion            |       |       |     2 |     1 |     4 |     4 |     1 ||    12
 Stab: Sleeping          |     1 |       |     2 |       |     1 |       |       ||     4
       Paralysed         |       |       |       |     5 |       |       |       ||     5
       Invisible         |       |       |       |       |       |    15 |       ||    15
  Eat: Chunk             |     3 |     5 |    16 |    24 |    46 |    15 |       ||   109
       Pizza             |       |       |       |     1 |     1 |     3 |       ||     5
       Fruit             |       |       |       |       |       |     8 |       ||     8
       Royal jelly       |       |       |       |       |       |     3 |       ||     3
       Meat ration       |       |       |       |       |       |     1 |       ||     1
Armor: Robe              |    22 |    17 |    81 |   114 |    46 |     1 |       ||   281
       Troll leather arm |       |       |       |    24 |   352 |       |       ||   376
       Ice dragon scales |       |       |       |       |    49 |   286 |    11 ||   346
Dodge: Dodged            |    46 |    39 |   174 |   353 |  1194 |   449 |    10 ||  2265
